cohdb
Replays
Latest Replays
All Replays
Popular Replays
Top Player Replays
Match Explorer
How It Works
Community
CoH3 Stats
Reddit
Sign in to upload your games and track your stats! →
Sign in with Steam
Match 38330712
Unlisted
Match 38330712
Overview
Messages
Build Orders
End
Construct Barracks
Selects Armored Battlegroup
Selects Veteran Crews
1⁄4-ton 4x4 Truck
Riflemen Squad
M1 Mortar Team
Grenade Package
Construct Weapon Support Center
M1919 Machine Gun Team
Air Support Center
Selects Fast Deploy
Grasshopper Recon Run
Riflemen Squad
M3 Armored Personnel Carrier
M3 Armored Personnel Carrier
Grasshopper Recon Run
Engineer Squad
M3 Armored Personnel Carrier
Grasshopper Recon Run
M1919 Machine Gun Team
P-47 Strafing Run
Grasshopper Recon Run
Selects M8 Scott SPG
Selects UNKNOWN (2160077)
Selects M31 Recovery Vehicle
Grasshopper Recon Run
Construct Tank Depot
Riflemen Squad
Grasshopper Recon Run
Selects War Machine
Engineer Squad
Grasshopper Recon Run
M4A3E8 Sherman Easy Eight
Grasshopper Recon Run
P-47 Dive Bomb
P-47 Strafing Run
Bazooka Squad
Grasshopper Recon Run
DarkShadow0o7
von_hinten_rein
Syverus
UH|XTC
insane
iceman
0
0
Comments
sign in to comment!
No comments posted yet!